 Dungeon Crawl Stone Soup version 0.25.1-2-g60ff931df9 (webtiles) character file.

Game seed: 17997729639452179998

49 DildoBatman the Magician (level 4, -1/30 HPs)
             Began as a Formicid Wizard on Sept 8, 2020.
             Slain by a jackal (2 damage)
             ... on level 2 of the Dungeon.
             The game lasted 00:02:42 (1582 turns).

DildoBatman the Magician (Formicid Wizard)          Turns: 1582, Time: 00:02:43

Health: -1/30      AC:  2    Str: 12    XL:     4   Next: 1%
Magic:  7/8        EV: 12    Int: 18    God:
Gold:   76         SH:  0    Dex:  9    Spells: 8/9 levels left

rFire    . . .     SeeInvis +   h - +0 club
rCold    . . .     Gourm    .   (no shield)
rNeg     . . .     Faith    .   a - +0 robe
rPois    .         Spirit   .   (helmet unavailable)
rElec    .         Reflect  .   (no cloak)
rCorr    .         Harm     .   (no gloves)
MR       .....                  (no boots)
Stlth    ++........             (no amulet)
HPRegen  0.10/turn              (no ring)
MPRegen  0.11/turn              (no ring)

@: no status effects
A: permanent stasis, dig shafts and tunnels, four strong arms, antennae 3
a: Dig, Shaft Self


You were on level 2 of the Dungeon.
You were not hungry.

You visited 1 branch of the dungeon, and saw 2 of its levels.

You collected 76 gold pieces.

Inventory:

Hand Weapons
 h - a +0 club (weapon)
Missiles
 c - 18 arrows
 d - 41 stones (quivered)
 i - 53 sling bullets
 m - 9 poisoned darts
Armour
 a - a +0 robe (worn)
Scrolls
 e - 2 scrolls of identify {unknown}
 f - a scroll of amnesia {unknown}
 g - a scroll of remove curse {unknown}
 j - a scroll of magic mapping {unknown}
 l - a scroll of teleportation {unknown}
Potions
 b - a potion of brilliance {unknown}
 k - 2 potions of heal wounds {unknown}
 n - 2 potions of flight {unknown}
Comestibles
 o - 3 chunks of flesh
 v - 2 rations


   Skills:
 - Level 1.7 Dodging
 - Level 2.4 Stealth
 - Level 3.2 Spellcasting
 * Level 3.2 Conjurations
   Level 1.0 Summonings
   Level 0.8 Translocations


You had 8 spell levels left.
You knew the following spells:

 Your Spells              Type           Power        Failure   Level  Hunger
c - Magic Dart            Conj           ##..         4%          1    None

Your spell library contained the following spells:

 Spells                   Type           Power        Failure   Level  Hunger
 Call Imp                 Summ           #.......     16%         2    ##.....
 Slow                     Hex            #.......     24%         2    ##.....
 Conjure Flame            Conj/Fire      #.......     24%         3    ###....
 Mephitic Cloud           Conj/Pois/Air  #.......     30%         3    ###....
 Blink                    Tloc           Unusable     N/A         2    N/A

Dungeon Overview and Level Annotations

Branches:
Dungeon (2/15)

Altars:


Innate Abilities, Weirdness & Mutations

You cannot be hasted, slowed, berserked, paralysed or teleported.
You can dig through walls and to a lower floor.
Your four strong arms can wield two-handed weapons with a shield.
You have a pair of large antennae on your head. (SInv)


Message History

The jackal barely misses you. What are your orders? t - Shout!
Orders for allies: a - Attack new target. r - Retreat! s - Stop attacking. g - Guard the area. f - Follow me.
Anything else - Cancel.
You shout for attention!
The jackal bites you. The jackal barely misses you. The jackal bites you. x2
What are your orders? t - Shout!
Orders for allies: a - Attack new target. r - Retreat! s - Stop attacking. g - Guard the area. f - Follow me.
Anything else - Cancel.
You shout for attention!
The jackal bites you.
You die...

.# .# ## #.## #..# #..#
#†.# #..# .#########g.#
.........hhh#
#########.@.# #####....#
.........#
########.#####...#######
......... ##.........
######### #.######## #
#.# # ########.# #
#).......#


You could see 3 jackals and a hobgoblin.

Vanquished Creatures
  An adder (D:2)
  2 oozes (D:1)
  A dart slug (D:2)
  A leopard gecko (D:2)
  2 goblins
  4 hobgoblins
  2 jackals (D:1)
  5 bats
  3 frilled lizards
  4 kobolds
  3 rats
28 creatures vanquished.

Notes
Turn   | Place    | Note
-------+----------+-------------------------------------------
     0 | D:1      | DildoBatman the Formicid Wizard began the quest for the
                  | Orb.
     0 | D:1      | Reached XP level 1. HP: 13/13 MP: 4/4
    16 | D:1      | Reached skill level 1 in Conjurations
   319 | D:1      | Reached XP level 2. HP: 14/19 MP: 1/6
   918 | D:1      | Reached XP level 3. HP: 24/24 MP: 5/7
  1551 | D:2      | Reached XP level 4. HP: 30/30 MP: 4/8
  1581 | D:2      | HP: 1/30 [jackal (1)]
  1582 | D:2      | Slain by a jackal

Illustrated notes

Levels and vault maps discovered:
D:1:      giann_bridges, layout_basic, minmay_misc_feat_ornament,
          serial_bayou_pond_e
D:2:      layout_loops_ring, minmay_puff

Skill      XL: |  1  2  3 |
---------------+----------+-----
Conjurations   | 1 2 3 |  3.2
Dodging        | |  1.7
Stealth        | |  2.4
Spellcasting   | |  3.2
Summonings     | |  1.0
Translocations | |  0.8

Action                   |  1- 3 |  4- 6 || total
-------------------------+-------+-------++-------
Melee: Club              |     7 |       ||     7
       Unarmed           |     2 |       ||     2
 Cast: Magic Dart        |    63 |     1 ||    64
  Eat: Chunk             |     2 |       ||     2
Armor: Robe              |     2 |     8 ||    10
Dodge: Dodged            |    10 |    38 ||    48
